 Dungeon Crawl Stone Soup version 0.18-a0-1311-g779ca93 (webtiles) character file.

106162 Duffy the Devastator (level 15, 81/96 HPs)
             Began as a Deep Elf Conjurer on Feb 14, 2016.
             Was the Champion of Vehumet.
             Quit the game on level 14 of the Dungeon.
             The game lasted 01:10:03 (38603 turns).

Duffy the Devastator (Deep Elf Conjurer)           Turns: 38603, Time: 01:10:03

Health: 81/96      AC: 11    Str:  5    XL:     15   Next: 96%
Magic:  9/45       EV: 21    Int: 30    God:    Vehumet [******]
Gold:   2208       SH:  0    Dex: 15    Spells: 9 memorised, 13 levels left

rFire  . . .     SeeInvis .     h - staff of energy {!a}
rCold  . . .     Gourm    .     K - +0 robe
rNeg   . . .     Faith    .     (no shield)
rPois  .         Spirit   .     V - +2 helmet {Int+3}
rElec  .         Dismiss  .     y - +2 cloak
rCorr  .         Reflect  .     (no gloves)
SustAt .         Harm     .     I - +2 pair of boots
MR     +....                    C - amulet of magic regeneration
Stlth  ++........               s - ring of magical power
                                o - +1 ring of evasion

@: repel missiles, somewhat resistant to hostile enchantments, unstealthy
A: no striking features
a: Renounce Religion


You were on level 14 of the Dungeon.
You worshipped Vehumet.
Vehumet was exalted by your worship.
You were not hungry.

You visited 4 branches of the dungeon, and saw 25 of its levels.
You also visited: Sewer.

You collected 2386 gold pieces.
You spent 178 gold pieces at shops.


   Skills:
 - Level 12.2 Fighting
 - Level 12.0 Dodging
 - Level 2.4 Stealth
 - Level 15.0 Spellcasting
 - Level 16.8 Conjurations
 - Level 6.0 Charms
 - Level 2.5 Necromancy
 - Level 3.8 Translocations
 - Level 7.5 Fire Magic
 - Level 7.0 Poison Magic
 + Level 6.4 Evocations


You had 13 spell levels left.
You knew the following spells:

 Your Spells              Type           Power        Failure   Level  Hunger
a - Magic Dart            Conj           ####         0%          1    None
c - Iskenderun's Mystic   Conj           #######.     1%          4    None
e - Apportation           Tloc           #####.....   1%          1    None
h - Bolt of Draining      Conj/Necr      ######....   1%          5    None
i - Iskenderun's Battles  Conj/Chrm      ######..     1%          5    None
j - Bolt of Fire          Conj/Fire      #######...   1%          6    None
l - Poison Arrow          Conj/Pois      #######...   1%          6    None
m - Repel Missiles        Chrm/Air       #####.       1%          2    None
t - Summon Butterflies    Summ           ###.....     1%          1    None

Inventory:

Hand Weapons
 p - a +0 blowgun
Missiles
 m - 9 curare-tipped needles
 O - a throwing net (quivered)
Armour
 y - a +2 cloak (worn)
 I - a +2 pair of boots (worn)
 K - a +0 robe (worn)
 V - a +2 helmet of intelligence (worn)
Magical Staves
 h - an uncursed staff of energy (weapon) {!a}
Rods
 g - a +9 lightning rod (12/12)
Jewellery
 e - an uncursed ring of fire
 o - a +1 ring of evasion (left hand)
 s - a ring of magical power (right hand)
 t - an uncursed amulet of the gourmand
 x - an uncursed ring of protection from cold
 C - an amulet of magic regeneration (around neck)
 P - an uncursed ring of resist corrosion
Wands
 v - a wand of disintegration (12/24)
 M - a wand of teleportation (9/9)
 R - a wand of digging (8/24)
 S - a wand of iceblast (0/15)
Scrolls
 a - 6 scrolls of teleportation
 n - 3 scrolls of fog
 u - a scroll of vulnerability
 E - 3 scrolls of fear
 H - a scroll of amnesia
 J - 12 scrolls of remove curse
 Q - 2 scrolls of blinking
 X - 4 scrolls of enchant armour
Potions
 b - 5 potions of resistance
 f - 15 potions of curing
 i - 4 potions of degeneration {unknown}
 j - a potion of cancellation {unknown}
 k - 2 potions of invisibility
 l - 4 potions of agility
 r - 2 potions of magic
 z - 4 potions of brilliance
 D - 8 potions of heal wounds
 F - 2 potions of ambrosia {unknown}
 G - a potion of cure mutation {unknown}
 T - 4 potions of haste
 W - 2 potions of flight {unknown}
Comestibles
 c - a meat ration
 d - a bread ration
 q - 18 royal jellies
 w - 2 chunks of flesh
 A - a slice of pizza
 L - 2 beef jerkies
 N - 20 fruits

Dungeon Overview and Level Annotations

Branches:
Dungeon (14/15)            Temple (1/1) D:5            Lair (8/8) D:8
  Swamp (0/4) Lair:4        Snake (0/4) Lair:3        Slime (0/6) Lair:6
    Orc (2/2) D:10            Elf (0/3) Orc:2
 Vaults: D:13-14

Altars:
Ashenzari
Cheibriados
Dithmenos
Elyvilon
Fedhas
Gozag
Kikubaaqudgha
Makhleb
Nemelex Xobeh
Okawaru
Pakellas
Qazlal
Ru
Sif Muna
Trog
Vehumet
Xom
Yredelemnul
Zin
The Shining One
Beogh
Lugonu

Shops:
D:4 [   D:11 [   Orc:2 *=:(}


Message History

The volley of spikes hits you!
The barbed spikes become lodged in your body.
Cast which spell? (? or * to list)
Aiming: Iskenderun's Mystic Blast
Press: ? - help, Shift-Dir - straight line, f/p - manticore
Aim: a manticore (moderately wounded, lightly drained)
The orb of energy hits the manticore.
The manticore is heavily wounded.
The orb of energy explodes!
You hear a bellow! x2
Cast which spell? (? or * to list)
Aiming: Iskenderun's Mystic Blast
Press: ? - help, Shift-Dir - straight line, f/p - manticore
Aim: a manticore (heavily wounded, lightly drained)
The orb of energy hits the manticore.
The manticore is almost dead.
The orb of energy explodes!
You hear a bellow!
Cast which spell? (? or * to list)
Aiming: Iskenderun's Mystic Blast
Press: ? - help, Shift-Dir - straight line, f/p - manticore
Aim: a manticore (almost dead, lightly drained)
The orb of energy hits the manticore.
You kill the manticore!
Vehumet accepts your kill.
You feel your power returning.
The orb of energy explodes!
The barbs in your skin will harm you if you move.
Continue?
Uppercase [Y]es or [N]o only, please.
The barbs in your skin will harm you if you move.
Continue?
Okay, then.
You start resting.
You carefully extract the manticore spikes from your body.
A centaur skeleton comes into view.
The centaur skeleton completely misses you.
Are you sure you want to abandon this character and quit the game? (Confirm with "yes".)

#######################
#................%....)
#..#...^....###........
*,,#...####.# #...####.
*,,#...# #.# #...# #.
*,,#...# #.# #...# #.
*,,#...# #.# #...# #.
*,,#...# #.# #...# #.
*,,#..@# #.# #...# #.
*,,#..Z# *,* *,,,* #.
*,,#...# *,***,,,* **,
*,,#...# *,*,,,,,***,,
*,,#...#***,*,,,,,,,,,,
*,,#...\,,,,*,,,**,,,,,
*,,#....,,,,,,,****,,,,
*,,#..##**,,,,** **,,,
*,,,,,* *,,,,** ***+*


You could see a centaur skeleton.

Action                   |  1- 3 |  4- 6 |  7- 9 | 10-12 | 13-15 || total
-------------------------+-------+-------+-------+-------+-------++-------
Melee: Flail             |       |       |     4 |       |     3 ||     7
 Cast: Magic Dart        |    69 |   132 |   268 |   375 |   183 ||  1027
       Searing Ray       |     1 |     9 |     6 |     3 |     3 ||    22
       Iskenderun's Batt |       |     1 |    47 |    97 |   112 ||   257
       Iskenderun's Myst |       |       |    20 |   205 |   633 ||   858
       Repel Missiles    |       |       |       |     1 |     4 ||     5
       Poison Arrow      |       |       |       |       |    24 ||    24
       Bolt of Draining  |       |       |       |       |    82 ||    82
       Bolt of Fire      |       |       |       |       |    22 ||    22
Evoke: Wand              |       |       |       |       |     3 ||     3
  Use: Scroll            |       |       |    13 |     1 |    13 ||    27
       Potion            |       |       |       |       |     2 ||     2
  Eat: Chunk             |     1 |    20 |    29 |    34 |    53 ||   137

Notes
Turn   | Place    | Note
--------------------------------------------------------------
     0 | D:1      | Duffy the Deep Elf Conjurer began the quest for the Orb.
     0 | D:1      | Reached XP level 1. HP: 10/10 MP: 6/6
   176 | D:1      | Reached XP level 2. HP: 15/15 MP: 5/8
   209 | D:1      | Learned a level 2 spell: Searing Ray
   407 | D:1      | Reached skill level 4 in Spellcasting
   431 | D:1      | Reached XP level 3. HP: 19/19 MP: 1/10
  1122 | D:2      | Reached skill level 5 in Conjurations
  1473 | D:2      | Reached XP level 4. HP: 24/24 MP: 9/12
  1514 | D:2      | Learned a level 4 spell: Iskenderun's Mystic Blast
  1795 | D:2      | Reached skill level 5 in Spellcasting
  1967 | D:2      | Noticed Robin
  1980 | D:2      | Killed Robin
  2308 | D:2      | Reached XP level 5. HP: 28/28 MP: 15/15
  2315 | D:2      | Learned a level 5 spell: Iskenderun's Battlesphere
  2356 | D:2      | Noticed Crazy Yiuf
  2371 | D:2      | Killed Crazy Yiuf
  2444 | D:3      | Noticed Grinder
  2455 | D:2      | Reached skill level 1 in Charms
  2719 | D:3      | Reached skill level 6 in Conjurations
  2812 | D:4      | Reached skill level 6 in Spellcasting
  2812 | D:4      | Reached skill level 2 in Charms
  2899 | D:4      | Noticed an ogre
  2908 | D:4      | Killed an ogre
  2908 | D:4      | Reached XP level 6. HP: 32/32 MP: 17/17
  2980 | D:3      | Found a blossoming altar of Fedhas.
  2994 | D:3      | Found a white marble altar of Elyvilon.
  3124 | D:3      | Found a shimmering altar of Xom.
  3219 | D:3      | Killed Grinder
  3219 | D:3      | Reached skill level 7 in Conjurations
  3219 | D:3      | Reached skill level 3 in Charms
  3219 | D:3      | Reached XP level 7. HP: 31/36 MP: 18/19
  3387 | D:3      | Found a radiant altar of Vehumet.
  3393 | D:3      | Became a worshipper of Vehumet
  3424 | D:3      | Found an oddly glowing altar of Pakellas.
  3592 | D:3      | Reached skill level 4 in Charms
  3624 | D:3      | Reached skill level 7 in Spellcasting
  3885 | D:3      | Reached * piety under Vehumet
  3885 | D:3      | Offered knowledge of Freeze by Vehumet.
  3886 | D:3      | Reached skill level 8 in Conjurations
  4065 | D:3      | Found a shadowy altar of Dithmenos.
  4299 | D:4      | Reached skill level 5 in Charms
  4518 | D:4      | Reached XP level 8. HP: 31/41 MP: 9/21
  4636 | D:4      | Found Vuhaukku's Armour Shoppe.
  4802 | D:5      | Entered Level 5 of the Dungeon
  4992 | D:5      | Offered knowledge of Sandblast by Vehumet.
  5001 | D:5      | Found a glowing drain.
  5008 | Sewer    | Entered a sewer
  5050 | Sewer    | Reached ** piety under Vehumet
  5102 | Sewer    | Reached skill level 9 in Conjurations
  5125 | Sewer    | Noticed Ymberto's ghost (amateur HuAs)
  5131 | Sewer    | Killed Ymberto's ghost
  5131 | Sewer    | Reached skill level 8 in Spellcasting
  5188 | Sewer    | Reached skill level 6 in Charms
  5544 | D:5      | Noticed Duvessa
  5545 | D:5      | Noticed Dowan
  5581 | D:5      | Killed Duvessa
  5584 | D:5      | Killed Dowan
  5647 | D:5      | Reached skill level 10 in Conjurations
  5885 | D:5      | Offered knowledge of Throw Flame by Vehumet.
  5972 | D:5      | Reached skill level 9 in Spellcasting
  6225 | D:5      | Found a staircase to the Ecumenical Temple.
  6315 | Temple   | Entered the Ecumenical Temple
  6620 | D:6      | Reached XP level 9. HP: 35/45 MP: 19/24
  6875 | D:6      | Reached *** piety under Vehumet
  7052 | D:6      | Found a stormy altar of Qazlal.
  7232 | D:6      | Noticed Pikel
  7234 | D:6      | Killed Pikel
  7234 | D:6      | Reached skill level 11 in Conjurations
  7392 | D:6      | Reached skill level 10 in Spellcasting
  8976 | D:8      | Noticed a queen bee
  9166 | D:8      | Reached skill level 12 in Conjurations
  9261 | D:8      | Offered knowledge of Stone Arrow by Vehumet.
  9720 | D:9      | Reached XP level 10. HP: 47/50 MP: 26/26
  9872 | D:9      | Noticed Joseph
  9876 | D:9      | Reached skill level 11 in Spellcasting
  9958 | D:8      | Reached **** piety under Vehumet
  9992 | D:9      | Killed Joseph
  9992 | D:9      | Reached skill level 13 in Conjurations
 10693 | D:9      | Identified the Reference Book on Aerial Transmutation (You found it on level 9 of the Dungeon)
 10706 | D:9      | Learned a level 2 spell: Repel Missiles
 11023 | D:9      | Reached skill level 12 in Spellcasting
 11190 | D:10     | Entered Level 10 of the Dungeon
 11194 | D:10     | Reached skill level 14 in Conjurations
 11201 | D:10     | Noticed a hill giant
 11205 | D:10     | Killed a hill giant
 11330 | D:10     | Offered knowledge of Airstrike by Vehumet.
 11446 | D:10     | Reached XP level 11. HP: 54/54 MP: 24/29
 11596 | D:10     | Found an opulent altar of Gozag.
 11602 | D:10     | Noticed a hill giant
 11607 | D:10     | Killed a hill giant
 12038 | D:10     | Found a staircase to the Orcish Mines.
 12190 | D:10     | Found a sparkling altar of Nemelex Xobeh.
 12215 | D:10     | Reached skill level 13 in Spellcasting
 12399 | D:7      | Reached skill level 15 in Conjurations
 13355 | D:8      | Reached ***** piety under Vehumet
 13360 | D:8      | Found a staircase to the Lair.
 13417 | D:8      | Offered knowledge of Ozocubu's Refrigeration by Vehumet.
 13563 | Lair:1   | Entered Level 1 of the Lair of Beasts
 14316 | Lair:1   | Reached skill level 16 in Conjurations
 14908 | Lair:2   | Reached skill level 3 in Dodging
 14955 | Lair:2   | Reached skill level 1 in Fighting
 15146 | Lair:2   | Reached skill level 2 in Fighting
 15146 | Lair:2   | Reached skill level 4 in Dodging
 15198 | Lair:2   | Reached XP level 12. HP: 61/63 MP: 30/31
 15254 | Lair:2   | Reached skill level 5 in Dodging
 15316 | Lair:2   | Reached skill level 3 in Fighting
 15546 | Lair:2   | Reached skill level 6 in Dodging
 15892 | Lair:2   | Reached skill level 4 in Fighting
 16260 | Orc:1    | Entered Level 1 of the Orcish Mines
 16294 | Orc:1    | Reached skill level 7 in Dodging
 16373 | Orc:1    | Noticed Urug
 16380 | Orc:1    | Noticed an orc high priest
 16400 | Orc:1    | Killed Urug
 16589 | Orc:1    | Killed an orc high priest
 16805 | Orc:1    | Reached skill level 5 in Fighting
 16879 | Orc:1    | Reached skill level 8 in Dodging
 17699 | Orc:2    | Entered Level 2 of the Orcish Mines
 17851 | Orc:2    | Reached skill level 9 in Dodging
 18010 | Orc:2    | Found a roughly hewn altar of Beogh.
 18030 | Orc:2    | Reached skill level 6 in Fighting
 18101 | Orc:2    | Offered knowledge of Sticky Flame by Vehumet.
 19080 | Orc:2    | Found Ymeokum's Quality Used Wands.
 19120 | Orc:2    | Found a staircase to the Elven Halls.
 19540 | Orc:2    | Reached skill level 7 in Fighting
 19585 | Orc:2    | Noticed an orc high priest
 19588 | Orc:2    | Killed an orc high priest
 19630 | Orc:2    | Reached XP level 13. HP: 76/76 MP: 32/32
 20191 | Orc:2    | Reached skill level 8 in Fighting
 20552 | Orc:2    | Reached skill level 10 in Dodging
 21052 | Orc:2    | Reached skill level 11 in Dodging
 21116 | Orc:2    | Noticed a deep elf sorcerer
 21144 | Orc:2    | Killed a deep elf sorcerer
 21261 | Orc:2    | Found Siamiyd's Weapon Emporium.
 21261 | Orc:2    | Found Elonueg's General Store.
 21262 | Orc:2    | Found Hukhilaz's Book Emporium.
 21262 | Orc:2    | Found Hog Qoc's Jewellery Shoppe.
 21277 | Orc:2    | Bought a scroll of enchant armour for 127 gold pieces
 21277 | Orc:2    | Bought a scroll of teleportation for 51 gold pieces
 21889 | D:10     | Reached skill level 12 in Dodging
 21920 | D:11     | Found a corrupted altar of Lugonu.
 22276 | D:11     | Reached skill level 14 in Spellcasting
 22859 | D:11     | Reached ****** piety under Vehumet
 23002 | D:11     | Offered knowledge of Freezing Cloud by Vehumet.
 23211 | D:11     | Found Liveam's Armour Boutique.
 23712 | D:12     | Noticed Maurice
 23720 | D:12     | Killed Maurice
 23796 | D:12     | Found an ancient bone altar of Kikubaaqudgha.
 24055 | D:12     | Reached skill level 15 in Spellcasting
 24468 | D:12     | Reached XP level 14. HP: 84/84 MP: 29/35
 24954 | D:12     | Reached skill level 9 in Fighting
 25069 | Lair:1   | Learned a level 5 spell: Bolt of Draining
 25434 | Lair:3   | Noticed Voda's ghost (journeyman MiBe)
 25440 | Lair:3   | Killed Voda's ghost
 25758 | Lair:3   | Offered knowledge of Lee's Rapid Deconstruction by Vehumet.
 25867 | Lair:3   | Found a staircase to the Snake Pit.
 26368 | Lair:3   | Noticed Nergalle
 26480 | Lair:3   | Killed Nergalle
 26480 | Lair:3   | Reached skill level 10 in Fighting
 27758 | Lair:4   | Found a staircase to the Swamp.
 28375 | Lair:5   | Reached skill level 11 in Fighting
 29731 | Lair:5   | Offered knowledge of Poison Arrow by Vehumet.
 29751 | Lair:5   | Learned a level 6 spell: Poison Arrow
 30505 | Lair:1   | Learned a level 1 spell: Apportation
 30507 | Lair:1   | Learned a level 1 spell: Summon Butterflies
 30712 | Lair:6   | Reached skill level 12 in Fighting
 30759 | Lair:6   | Found a staircase to the Slime Pits.
 30920 | Lair:6   | Reached skill level 1 in Poison Magic
 31216 | Lair:6   | Reached skill level 2 in Poison Magic
 31593 | Lair:7   | Noticed Snorg
 31598 | Lair:7   | Killed Snorg
 31606 | Lair:7   | Reached skill level 3 in Poison Magic
 31767 | Lair:7   | Noticed slayr's ghost (journeyman KoAs)
 31894 | Lair:7   | Killed slayr's ghost
 31894 | Lair:7   | Reached skill level 4 in Poison Magic
 31928 | Lair:7   | Reached XP level 15. HP: 96/96 MP: 34/36
 32271 | Lair:7   | Reached skill level 5 in Poison Magic
 32405 | Lair:7   | Reached skill level 6 in Poison Magic
 32784 | Lair:7   | Reached skill level 7 in Poison Magic
 32969 | Lair:7   | Reached skill level 1 in Translocations
 32988 | Lair:7   | Reached skill level 2 in Translocations
 33249 | Lair:7   | Reached skill level 3 in Translocations
 33981 | Lair:8   | Entered Level 8 of the Lair of Beasts
 34188 | Lair:8   | Reached skill level 1 in Necromancy
 34269 | Lair:8   | Offered knowledge of Bolt of Fire by Vehumet.
 34273 | Lair:8   | Reached skill level 2 in Necromancy
 34286 | Lair:8   | Learned a level 6 spell: Bolt of Fire
 34627 | Lair:8   | Reached skill level 1 in Fire Magic
 34706 | Lair:8   | Reached skill level 2 in Fire Magic
 34794 | Lair:7   | Reached skill level 3 in Fire Magic
 35263 | Lair:8   | Reached skill level 4 in Fire Magic
 35470 | Lair:8   | Reached skill level 5 in Fire Magic
 35863 | Lair:8   | Reached skill level 6 in Fire Magic
 36481 | Lair:8   | Reached skill level 7 in Fire Magic
 37107 | D:13     | Reached skill level 1 in Evocations
 37233 | D:13     | Offered knowledge of Spellforged Servitor by Vehumet.
 37261 | D:13     | Reached skill level 2 in Evocations
 37323 | D:13     | Noticed Kirke
 37338 | D:13     | Killed Kirke
 37338 | D:13     | Reached skill level 3 in Evocations
 37428 | D:13     | Reached skill level 4 in Evocations
 37595 | D:13     | Found a white marble altar of Elyvilon.
 38091 | D:13     | Reached skill level 5 in Evocations
 38517 | D:14     | Reached skill level 6 in Evocations
 38603 | D:14     | Quit the game

Vault maps used:
D:1:      enne_arrival_octagon_isle
D:2:      uniq_robin, uniq_crazy_yiuf_cottage
D:3:      grunt_pakellas_sulfur, grunt_temple_overflow_open, marbit_many_paths,
          lemuel_doored_altar, xom_teletrap_fun, uniq_grinder
D:4:      serial_shops, shop
D:5:      temple_hall, first_bread, gup_sewer_entry_bubbles, uniq_duvessa
D:6:      nicolae_qazlal_style_of_elements, corexii_leaking_fountain, uniq_pikel
D:8:      grunt_lair_entry_orc_guard_hut, david_nohive_1, kennysheep_nub
D:9:      uniq_joseph
D:10:     david_orc_2, basic_altar, nemelex_deck
D:11:     kennysheep_kobold_lugonu_temple, serial_shops, shop,
          minmay_misc_feat_ornament
D:12:     basic_altar, st_stairs_12, grunt_tough_drop, uniq_maurice
D:13:     spider_trap, minmay_crystal_water, elyvilon_altar_1, uniq_kirke
D:14:     lightli_vaults_fourway_checkpoint, hangedman_decor_push,
          lab_entry_generic, uniq_rupert
Temple:   minmay_temple_curvy_14
Lair:1:   grunt_megastairs_2, serial_bayou_shore_b
Lair:2:   infiniplex_staircase_pool
Lair:3:   guppyfry_snake_entry_island, serial_bayou_shore_b,
          serial_bayou_shore_b, serial_bayou_shore_a, serial_bayou_shore_b,
          uniq_nergalle
Lair:4:   minmay_swamp_entry_swarm
Lair:5:   pond_and_an_island_with_a_cottage, special_room, serial_bayou_pond_d
Lair:6:   minmay_slime_entry_oklob_open
Lair:7:   st_stairs_5, minivault_24, lemuel_fruit_tree, uniq_snorg
Lair:8:   minmay_lair_end_enchanted_forest
Orc:1:    uniq_urug
Orc:2:    st_orc_pillars, basic_altar, nicolae_for_you_no_charge
Sewer:    kennysheep_pipe_town

Vanquished Creatures
  Kirke
  A deep elf sorcerer
  The ghost of slayr the Brilliant, a journeyman KoAs of Pakellas Snorg
  The ghost of Voda the Basher, a journeyman MiBe of Trog
  A rakshasa
  3 hydras
  A catoblepas
  2 centaur warriors Urug
  6 orc high priests Nergalle
  A necromancer Pikel
  8 hill giants
  10 orc knights
  4 griffons
  An oklob plant
  2 deep elf magi
  2 ugly things
  A hornet
  2 manticores
  23 elephants Maurice
  2 cyclopes Joseph
  6 black mambas
  14 spiny frogs
  2 gargoyles
  An efreet
  3 kobold demonologists
  10 komodo dragons
  2 spriggan druids
  2 fire drakes
  9 trolls
  2 queen bees
  2 polar bears
  39 blink frogs Grinder
  A two-headed ogre
  A boulder beetle
  3 slime creatures
  74 yaks
  12 spriggans
  6 hogs
  4 redbacks
  A wyvern
  3 wraiths
  A basilisk
  4 fire bats
  A hungry ghost
  8 hippogriffs
  A steam dragon
  4 vampire mosquitoes
  4 wargs
  2 nagas
  31 wolves Duvessa
  23 water moccasins
  11 porcupines
  47 orc warriors
  A slave
  7 black bears
  2 eyes of draining
  4 necrophages
  3 ice beasts
  10 ogres
  5 sky beasts
  3 wasps
  6 phantoms
  The ghost of Ymberto the Sneak, an amateur HuAs
  21 centaurs
  20 crocodiles
  5 big kobolds
  2 komodo dragon zombies
  A wyvern zombie
  27 giant frogs
  A gnoll sergeant Dowan
  5 scorpions
  43 killer bees
  3 wights
  9 electric eels
  13 crimson imps
  3 giant frog zombies
  3 jellies
  3 quasits
  2 centaur zombies
  5 hounds
  35 orc priests
  21 orc wizards
  A gnoll shaman
  2 giant frog skeletons Crazy Yiuf
  5 centaur skeletons
  12 iguanas
  5 hell rats
  7 worker ants
  5 sheep
  A killer bee zombie
  2 hound zombies Robin
  A worker ant zombie
  11 gnolls
  68 river rats
  14 adders
  2 shadow imps
  An ooze
  An adder skeleton
  2 adder zombies
  3 worms
  7 giant geckos
  134 orcs
  4 ball pythons
  7 giant cockroaches
  13 goblins
  20 hobgoblins
  16 jackals
  A quokka
  19 bats
  8 giant newts
  28 kobolds
  2 quokka skeletons
  2 quokka zombies
  25 rats
  9 demonic plants
  77 fungi
  17 plants
1214 creatures vanquished.
